 Dungeon Crawl Stone Soup version 0.19-a0-1849-g2383789 (webtiles) character file.

126 rvm the Slasher (level 4, 0/33 HPs)
             Began as a Demonspawn Gladiator on Oct 10, 2016.
             Was an Initiate of Ru.
             Slain by a gnoll
             ... wielding a +0 spear
              (3 damage)
             ... on level 3 of the Dungeon.
             The game lasted 00:04:50 (1973 turns).

rvm the Slasher (Demonspawn Gladiator)              Turns: 1973, Time: 00:04:51

Health: 0/33       AC:  3    Str: 16    XL:     4   Next: 84%
Magic:  4/4        EV: 18    Int: 10    God:    Ru [......]
Gold:   157        SH:  0    Dex: 22    Spells: 0 memorised, 3 levels left

rFire  . . .     SeeInvis .     m - +2 dagger (venom)
rCold  . . .     Gourm    .     b - +0 leather armour
rNeg   . . .     Faith    .     (no shield)
rPois  .         Spirit   .     (helmet restricted)
rElec  .         Dismiss  .     (no cloak)
rCorr  .         Reflect  .     (no gloves)
MR     .....     Harm     .     (no boots)
Stlth  +++.......               (no amulet)
                                (no ring)
                                g - +2 ring of dexterity

@: agile, lethally poisoned (0 -> -2)
A: antennae 1, thin skeletal structure 1
a: Renounce Religion


You were on level 3 of the Dungeon.
You worshipped Ru.
Ru was noncommittal.
You were not hungry.

You visited 1 branch of the dungeon, and saw 3 of its levels.

You collected 157 gold pieces.

Inventory:

Hand Weapons
 a - a +0 long sword
 e - a +0 rapier
 m - a +2 dagger of venom (weapon)
Missiles
 d - 4 throwing nets
 h - 12 tomahawks (quivered)
 o - 6 javelins
Armour
 b - a +0 leather armour (worn)
 c - a +0 helmet
Jewellery
 g - a +2 ring of dexterity (left hand)
 j - an uncursed amulet of faith
Scrolls
 n - a scroll of teleportation {unknown}
 q - a scroll of enchant armour {unknown}
Comestibles
 f - 2 bread rations
 p - 3 chunks of flesh


   Skills:
 - Level 2.0 Fighting
 + Level 5.1 Long Blades
 - Level 1.7 Throwing
 - Level 2.6 Dodging


You had 3 spell levels left.
You didn't know any spells.

Dungeon Overview and Level Annotations

Branches:
Dungeon (3/15)

Altars:
Gozag
Ru
Sif Muna
Xom
Yredelemnul
Zin


Innate Abilities, Weirdness & Mutations

You have a pair of small antennae on your head.
You have a somewhat thin skeletal structure. (Dex +2, Stealth)


Message History

You kill the gnoll!
Your Long Blades skill increases to level 5!
You feel sick.
You hit the gnoll.
The gnoll is poisoned.
The gnoll is moderately wounded.
The gnoll hits you from afar with a spear.
* * * LOW HITPOINT WARNING * * *
The gnoll hits you but does no damage.
You hit the gnoll.
The gnoll looks as sick as possible!
The gnoll is severely wounded.
You feel sick.
The gnoll hits you from afar with a spear.
* * * LOW HITPOINT WARNING * * *
The gnoll completely misses you.
You completely miss the gnoll.
The gnoll is severely wounded.
You kill the gnoll!
The gnoll hits you but does no damage. The gnoll hits you with a spear.
You die...

#.###.# #.# #....=####
#.# ###.####.. ..# #.#
#.# ### #.# #.# #.# #.#
#.####.########
##########.##...........
#..........##@#.########
#.###########g#.# #.#
#.#.# #.# #.#.########
#.# #.#........# #.#
#.########.# #(# ... #.#
#.# #.. ..? #.# #.# #.#
... #.#


You could see a gnoll.

Vanquished Creatures
  2 jellies (D:2)
  3 gnolls (D:3)
  4 bats (D:1)
  A giant cockroach (D:1)
  6 hobgoblins
  An iguana (D:2)
  6 jackals
  5 frilled lizards
  5 kobolds
  3 rats
36 creatures vanquished.

Notes
Turn   | Place    | Note
-------+----------+-------------------------------------------
     0 | D:1      | rvm the Demonspawn Gladiator began the quest for the Orb.
     0 | D:1      | Reached XP level 1. HP: 16/16 MP: 1/1
    78 | D:1      | Reached skill level 3 in Long Blades
   392 | D:1      | Gained mutation: You have a pair of small antennae on your head. [demonic ancestry]
   392 | D:1      | Reached XP level 2. HP: 21/22 MP: 2/2
  1050 | D:2      | Reached skill level 4 in Long Blades
  1050 | D:2      | Gained mutation: You have a somewhat thin skeletal structure. (Dex +2, Stealth) [demonic ancestry]
  1050 | D:2      | Reached XP level 3. HP: 22/27 MP: 3/3
  1106 | D:2      | Found a shimmering altar of Xom.
  1113 | D:2      | Reached XP level 4. HP: 16/33 MP: 4/4
  1305 | D:2      | Found an opulent altar of Gozag.
  1306 | D:2      | Found a glowing silver altar of Zin.
  1391 | D:2      | Found a sacrificial altar of Ru.
  1407 | D:2      | Became a worshipper of Ru the Awakened
  1639 | D:2      | Found a basalt altar of Yredelemnul.
  1641 | D:2      | Found a deep blue altar of Sif Muna.
  1967 | D:3      | Reached skill level 5 in Long Blades
  1973 | D:3      | Slain by a gnoll

Vault maps used:
D:1:      minmay_arrival_nine_rooms
D:2:      grunt_temple_overflow_gold_and_silver, overflow_temple_1_default,
          amethyst_overflow_temple_binary, ecumenical_altar_1, dk_xom_monty_hall
D:3:      uniq_robin

Skill      XL: |  1  2  3  4 |
---------------+-------------+-----
Long Blades    | 3 4 5 |  5.1
Fighting       | |  2.0
Throwing       | |  1.7
Dodging        | |  2.6

Action                   |  1- 3 |  4- 6 || total
-------------------------+-------+-------++-------
Melee: Long sword        |    72 |    15 ||    87
       Dagger            |       |    17 ||    17
Throw: Tomahawk          |       |     1 ||     1
  Use: Scroll            |       |     4 ||     4
       Potion            |       |     1 ||     1
 Stab: Sleeping          |       |     2 ||     2
  Eat: Chunk             |     1 |     2 ||     3
Armor: Leather armour    |    22 |     2 ||    24
Dodge: Dodged            |    60 |    17 ||    77
       Rpst.: Long sword |    16 |     2 ||    18
